 Dungeon Crawl Stone Soup version 0.31-a0-845-g9abc20d24f (webtiles) character file.

Game seed: 7255877304497900107

53 pokeman the Magician (level 3, -5/20 HPs)
             Began as a Deep Elf Hedge Wizard on Oct 2, 2023.
             Killed from afar by Sigmund (8 damage)
             ... with a puff of flame
             ... on level 2 of the Dungeon.
             The game lasted 00:02:37 (1617 turns).

pokeman the Magician (Deep Elf Hedge Wizard)        Turns: 1617, Time: 00:02:38

Health: -5/20      AC:  6    Str:  7    XL:     3   Next: 64%
Magic:  5/11       EV: 12    Int: 20    God:
Gold:   91         SH:  0    Dex: 14    Spells: 4/12 levels left

rFire   . . .        j - +0 dagger (flame)
rCold   . . .        (no shield)
rNeg    . . .        b - +0 robe
rPois   .            c - +0 hat
rElec   .            (no cloak)
rCorr   .            (no gloves)
SInv    .            (no boots)
Will    .....        (no amulet)
Stlth   ++           k - +4 ring of protection
HPRegen 0.23/turn    (no ring)
MPRegen 0.12/turn

%: no passive effects
@: very slightly contaminated
A: no striking features
a: no special abilities


You were on level 2 of the Dungeon.
You visited 1 branch of the dungeon, and saw 2 of its levels.

You collected 91 gold pieces.

Inventory:

Hand Weapons
 j - a +0 dagger of flaming (weapon)
Armour
 b - a +0 robe (worn)
 c - a +0 hat (worn)
Jewellery
 k - a +4 ring of protection (left hand)
 p - an amulet of guardian spirit
Scrolls
 a - a scroll of noise {unknown}
 f - 3 scrolls of identify {unknown}
 l - a scroll of immolation {unknown}
 n - a scroll of fear {unknown}
Potions
 d - a potion of magic
 e - a potion of curing {unknown}
 g - a potion of attraction {unknown}
 h - a potion of brilliance {unknown}
 i - a potion of heal wounds {unknown}
 m - a potion of ambrosia {unknown}
 o - a potion of might {unknown}


   Skills:
 - Level 1.0 Fighting
 - Level 1.0 Armour
 + Level 2.4 Dodging
 + Level 2.4 Stealth
 * Level 5.3 Spellcasting
 + Level 2.0 Conjurations
 - Level 1.1 Summonings
 - Level 1.1 Translocations


You had 4 spell levels left.
You knew the following spells:

 Your Spells              Type           Power      Damage    Failure   Level
a - Magic Dart            Conj           52%        1d5       4%          1
b - Mephitic Cloud        Conj/Pois/Air  8%         N/A       26%         3
c - Call Imp              Summ           18%        N/A       11%         2
d - Blink                 Tloc           18%        N/A       11%         2

Your spell library contained the following spells:

 Spells                   Type           Power      Damage    Failure   Level
 Slow                     Hex            20%        N/A       11%         1
 Cigotuvi's Dreadful Rot  Necr/Pois/Air  10%        N/A       17%         2
 Inner Flame              Hex/Fire       5%         N/A       32%         3
 Flame Wave               Conj/Fire      9%         2d6       58%         4
 Sticky Flame             Conj/Fire      9%         2d3       58%         4


Dungeon Overview and Level Annotations

Branches:
Dungeon (2/15)

Altars:

Shops:
D:1 ??(

Annotations:
D:2 Jessica, Sigmund


Message History

Aim: a ball python (asleep, 100% to hit)
The magic dart hits the ball python.
You kill the ball python!
Your Conjurations skill increases to level 2!
p - an amulet of guardian spirit You see here a ball python corpse.
Found a stone staircase leading down and a stone staircase leading up.
There is a stone staircase leading down here.
Sigmund the Dreaded comes into view.
He is wielding a +0 scythe.
Sigmund shouts!
You start waiting.
A bat comes into view.
The bat moves out of view.
You start waiting.
Sigmund is nearby!
Casting: Magic Dart (safe; 4% risk of failure)
Confirm with . or Enter, or press ? or * to list all spells.
Aiming: Mephitic Cloud (extremely dangerous; 26% risk of failure)
Press: ? - help, Shift-Dir - straight line, f - Sigmund
Aim: Sigmund, wielding a +0 scythe and wearing a +0 robe (chance to affect: 86%)
You miscast Mephitic Cloud.
You are very lightly contaminated with residual magic.
You are blasted with magical energy!
Ouch! That really hurt!
Sigmund mumbles some strange words.
Sigmund flickers and vanishes!
Deactivating autopickup; reactivate with Ctrl-A.
Casting: Mephitic Cloud (extremely dangerous; 26% risk of failure)
Confirm with . or Enter, or press ? or * to list all spells.
You don't know that spell.
Casting: Mephitic Cloud (extremely dangerous; 26% risk of failure)
Confirm with . or Enter, or press ? or * to list all spells.
Aiming: Mephitic Cloud (extremely dangerous; 26% risk of failure)
Press: ? - help, Shift-Dir - straight line You miscast Mephitic Cloud.
You are caught in an explosion of electrical discharges.
* * * LOW HITPOINT WARNING * * *
A puff of flame appears from out of thin air!
The puff of flame hits you!
You die...

#..... ##....@
....... .......
.....{.
.......#########
........@.......
.##........####
####.##### #.#
#### #.# ...#
#.# ...# #.#
...# #.# ...#
##.#


There were no monsters in sight!

Vanquished Creatures
  2 adders (D:2)
  3 endoplasms
  3 giant cockroaches
  6 goblins (D:1)
  3 hobgoblins
  2 kobolds (D:1)
  2 quokkas (D:2)
  5 ball pythons
  3 bats (D:1)
  A rat (D:1)
30 creatures vanquished.

Notes
Turn   | Place    | Note
-------+----------+-------------------------------------------
     0 | D:1      | pokeman the Deep Elf Hedge Wizard began the quest for the
                  | Orb.
     0 | D:1      | Reached XP level 1. HP: 10/10 MP: 7/7
   162 | D:1      | Found Mymieged's Magic Scroll Boutique.
   275 | D:1      | Found Zahem's Weapon Shop.
   496 | D:1      | Reached XP level 2. HP: 16/16 MP: 4/9
   816 | D:1      | Reached skill level 5 in Spellcasting
   959 | D:1      | Found Niyfup's Magic Scroll Shop.
  1107 | D:1      | Found Wameom's Magic Scroll Emporium.
  1276 | D:2      | Noticed Jessica
  1351 | D:2      | Reached XP level 3. HP: 20/20 MP: 7/11
  1355 | D:2      | Learned a level 3 spell: Mephitic Cloud
  1358 | D:2      | Learned a level 2 spell: Call Imp
  1361 | D:2      | Learned a level 2 spell: Blink
  1463 | D:2      | Reached skill level 1 in Fighting
  1555 | D:2      | Reached skill level 1 in Armour
  1612 | D:2      | Noticed Sigmund
  1617 | D:2      | Killed from afar by Sigmund

Illustrated notes

Levels and vault maps discovered:
D:1:      dpeg_arrival_castle, layout_loops_ring, serial_shops, shop, shop,
          shop, shop, nicolae_concentric_dashed_squares_mild
D:2:      layout_basic, uniq_jessica, uniq_crazy_yiuf_cottage, uniq_robin,
          uniq_sigmund

Skill      XL: |  1  2  3 |
---------------+----------+-----
Spellcasting   | 5 |  5.3
Fighting       | 1 |  1.0
Armour         | 1 |  1.0
Conjurations   | 2 |  2.0
Dodging        | |  2.4
Stealth        | |  2.4
Summonings     | |  1.1
Translocations | |  1.1

Action                     || total
---------------------------++-------
  Melee: Dagger            ||     1
   Cast: Magic Dart        ||    75
 Armour: Robe              ||     8
  Dodge: Dodged            ||     6

Table legend: (Time is in decaauts)
 A = Elapsed time spent in this place.
 B = Non-inter-level travel time spent in this place.
 C = Inter-level travel time spent in this place.
 D = Time resting spent in this place.
 E = Time spent auto-exploring this place.
 F = Levels seen in this place.
 G = Mean time per level.
                   A        B        C        D        E       F      G
               +--------+--------+--------+--------+--------+-----+--------+
         Total |   1620 |   1578 |     42 |      8 |   1405 |   2 |  810.0 |
       Dungeon |   1620 |   1578 |     42 |      8 |   1405 |   2 |  810.0 |
               +--------+--------+--------+--------+--------+-----+--------+

Top non-repeatable levels by time:
     D:1: 1311 daAuts
     D:2: 309 daAuts
